AoeStats
← 冰块

Arabian Desert

509315920Analyzed
1v1 RM · 7d ago on Sep 26, 2026· 26m 28s· 2 players
Game mode
Random Map
Map size
Tiny (2 player)
Population
200
Speed
Normal
Resources
Standard
Victory
Conquest
Starting age
Dark Age
Ending age
Imperial Age
RankedLock teamsTeams togetherTeam positionsShared explorationLock speedFull tech treeHidden civsTurbo modeCheats
Victory
Defeat
🇷🇺 Mongols · Russia
1091
+14
🇨🇳 Britons · China
1053
-14
冰块
9:02 Feudal Age
11:28 Loom
12:05 Double-Bit Axe
12:04 Horse Collar
17:52 Wheelbarrow
24:15 Castle Age
22:39 Gold Mining
Engineer
2:46 Loom
8:52 Feudal Age
11:08 Double-Bit Axe
12:47 Wheelbarrow
13:01 Horse Collar
20:57 Castle Age
19:04 Gold Mining
24:15 Forging
24:11 Scale Barding Armor
Connection lost

Rejoining the realm…

Still unreachable

The connection could not be restored.

Session expired

The server has moved on; the page needs a fresh start.